 Dungeon Crawl Stone Soup version 0.30-a0-883-g5ad918d77d (webtiles) character file.

Game seed: 9809929824948343406

39263 lunkers the Protected (level 14, -6/125 (126) HPs)
             Began as a Meteoran Fighter on Mar 15, 2023.
             Was an Elder of Ashenzari.
             Mangled by a spectral spriggan berserker (10 damage)
             ... called from beyond by a ghost crab
             ... on level 1 of the Swamp.
             The game lasted 00:22:04 (6072 turns).

lunkers the Protected (Meteoran Fighter)            Turns: 6072, Time: 00:22:05

HP:   -6/125 (126)  AC: 19    Str: 20    XL:     14   Next: 77%
MP:   15/15         EV: 19    Int: 14    God:    Ashenzari [****..]
Gold: 670           SH:  5    Dex: 16    Spells: 13/13 levels left

rFire   + . .      SeeInvis +    a - +6 double sword "Share My Doubts" {freeze, rN+ Int+3, Bglg, Evo} (curse)
rCold   . . .      Faith    .    c - +0 buckler of Apeoromancy {Cun, Comp} (curse)
rNeg    + . .      Spirit   .    i - +1 scale mail of Ashenzari's Affliction {Cun, Comp} (curse)
rPois   .          Reflect  .    (no helmet)
rElec   .          Rampage  .    (no cloak)
rCorr   .          Clarity  +    q - +3 pair of gauntlets of War {Slay+5, Comp, Fort} (curse)
Will    +....                    (no boots) Stlth
                                 M - amulet "Thunder Perfect Mind" {RegenMP, Cun, Melee} (curse)
HPRegen 0.40/turn                t - ring "Irritation of Ashenzari" {AC+4, Cun, Elem} (curse)
MPRegen 0.54/turn                B - ring of Ashenzari's Ordeal {rF+, Melee, Cun} (curse)

@: mighty, glowing, lightly drained
A: sense surroundings 2, otherworldly, glowing, explore regen
a: Renounce Religion, Shatter the Chains


You were on level 1 of the Swamp.
You worshipped Ashenzari.
Ashenzari was greatly pleased with you.
You visited 4 branches of the dungeon, and saw 16 of its levels.
You also visited: Gauntlet.

You collected 670 gold pieces.

Inventory:

Hand Weapons
 a - the cursed +6 double sword "Share My Doubts" (weapon) {freeze, rN+ Int+3, Bglg, Evo}
   (You acquired it on level 3 of the Dungeon)

   Int:       It affects your intelligence (+3).
   rN:        It protects you from negative energy.
   It has a curse which improves the following skills: Beguiling: Conjurations,
   Hexes and Translocations.
   Evocations: Evocations.
 b - a +1 short sword of draining
 s - a +0 long sword
Missiles
 P - a throwing net
Armour
 c - the cursed +0 buckler of Apeoromancy (worn) {Cun, Comp}

   It has a curse which improves the following skills: Cunning: Dodging and
   Stealth.
   Companions: Summonings and Necromancy.
 i - the cursed +1 scale mail of Ashenzari's Affliction (worn) {Cun, Comp}

   It has a curse which improves the following skills: Cunning: Dodging and
   Stealth.
   Companions: Summonings and Necromancy.
 q - the cursed +3 pair of gauntlets of War (worn) {Slay+5, Comp, Fort}
   (You acquired it on level 4 of the Dungeon)

   Slay:      It affects your accuracy & damage with ranged weapons and melee
   (+5).
   It has a curse which improves the following skills: Companions: Summonings
   and Necromancy.
   Fortitude: Armour and Shields.
 A - a +0 kite shield
 J - the +2 pair of boots "Myniawn" {rF- rC+++ rCorr Dex-3}
   (You found it in a Gauntlet)

   Dex:       It affects your dexterity (-3).
   rF:        It makes you vulnerable to fire.
   rC:        It renders you almost immune to cold.
   rCorr:     It protects you from acid and corrosion.
Jewellery
 k - a +6 ring of strength
 t - the cursed ring "Irritation of Ashenzari" (left hand) {AC+4, Cun, Elem}
   (You found it on level 5 of the Dungeon)

   [ring of protection]

   AC:        It affects your AC (+4).
   It has a curse which improves the following skills: Cunning: Dodging and
   Stealth.
   Elements:  Fire Magic, Ice Magic, Air Magic and Earth Magic.
 B - the cursed ring of Ashenzari's Ordeal (right hand) {rF+, Melee, Cun}
   (You found it on level 4 of the Dungeon)

   [ring of protection from fire]

   rF:        It protects you from fire.
   It has a curse which improves the following skills: Melee Combat: Short
   Blades, Long Blades, Axes, Maces & Flails, Polearms, Staves and Unarmed
   Combat.
   Cunning:   Dodging and Stealth.
 H - a +6 ring of dexterity
 M - the cursed amulet "Thunder Perfect Mind" (around neck) {RegenMP, Cun, Melee}
   (You found it in a Gauntlet)

   [amulet of magic regeneration]

   It increases your rate of magic regeneration.
   It has a curse which improves the following skills: Cunning: Dodging and
   Stealth.
   Melee Combat: Short Blades, Long Blades, Axes, Maces & Flails, Polearms,
   Staves and Unarmed Combat.
 O - a +6 ring of dexterity
Wands
 v - a wand of roots (18)
 y - a wand of flame (65)
 D - a wand of light (7)
 E - a wand of digging (6)
 F - a wand of mindburst (13)
 N - a wand of charming (7)
 S - a wand of polymorph (3)
Scrolls
 e - 2 scrolls of enchant armour
 f - 5 scrolls of teleportation
 l - 2 scrolls of amnesia
 o - a scroll of fear
 C - a scroll of magic mapping
 G - 2 scrolls of silence
 Q - 3 scrolls of blinking
 R - a scroll of fog
Potions
 d - a potion of brilliance
 g - a potion of ambrosia
 j - 7 potions of curing
 m - 2 potions of haste
 n - 3 potions of resistance
 p - 2 potions of heal wounds
 r - 2 potions of invisibility
 u - 4 potions of mutation
 w - 4 potions of lignification
 x - a potion of might
 z - a potion of magic
 I - 2 potions of flight
 K - a potion of cancellation
Miscellaneous
 h - a condenser vane
 L - a tin of tremorstones (2/2)


   Skills:
 + Level 12.3 Fighting
 - Level 4.2(10.5) Short Blades
 - Level 13.2(16.3) Long Blades
 + Level 13.4(15.3) Armour
 + Level 12.8(18.3) Dodging
 - Level 3.6(5.4) Shields
 - Level 10.4(12.4) Evocations


You had 13 spell levels left.
You didn't know any spells.
Your spell library contained the following spells:

 Spells                   Type           Power      Damage    Failure   Level
 Summon Small Mammal      Summ           4%         N/A       54%         1
 Foxfire                  Conj/Fire      0%         2x1d4     58%         1
 Slow                     Hex            0%         N/A       58%         1
 Sublimation of Blood     Necr           1%         N/A       67%         2
 Wereblood                Tmut           0%         N/A       75%         2
 Call Canine Familiar     Summ           1%         N/A       88%         3
 Vampiric Draining        Necr           1%         2d6       88%         3
 Summon Guardian Golem    Hex/Summ       1%         N/A       90%         3
 Confusing Touch          Hex            0%         N/A       91%         3
 Summon Lightning Spire   Summ/Air       1%         N/A       100%        4
 Storm Form               Tmut/Air       0%         N/A       100%        7
 Summon Hydra             Summ           0%         N/A       100%        7
 Maxwell's Capacitive Co  Air            0%         ∞         100%        8


Dungeon Overview and Level Annotations

Branches:
Dungeon (9/15) Zot: 1705   Temple (1/1) D:5 Zot: 246    Lair (5/5) D:9 Zot: 1289
  Swamp (1/4) Lair:3 Zot: 553   Slime (0/5) Lair:5      Gauntlet (visited)
  Snake: Lair:2-3    Spider: Lair:2-3       Orc: D:9-12

Altars:
Ashenzari
Cheibriados
Dithmenos
Fedhas
Gozag
Hepliaklqana
Makhleb
Okawaru
Qazlal
Ru
Sif Muna
Trog
Uskayaw
Vehumet
Yredelemnul
Zin
Jiyva

Shops:
D:2 *

Annotations:
D:3 Grinder
Swamp:1 Aizul


Innate Abilities, Weirdness & Mutations

You passively map the area around you.
You are easily found by Zot.
You glow in the dark.
You regain HP and MP as you explore.


Message History

You are engulfed in spectral mist.
The spectral spriggan air mage hits you!
You partially resist.
You feel drained.
The ghost crab breathes spectral mist at you.
The spectral mist engulfs the spectral death drake but does no damage.
Aizul the Neglectful Guardian comes into view.
An alligator comes into view.
The spectral spriggan berserker barely misses you.
You block the spectral spriggan berserker's attack.
The spectral death drake bites you but does no damage.
You feel very mighty all of a sudden.
You are engulfed in spectral mist.
The spectral snapping turtle bites you but does no damage.
The spectral spriggan air mage completely misses you.
You block the spectral spriggan berserker's attack.
The bunyip is engulfed in spectral mist.
The bunyip claws you!!
* * * LOW HITPOINT WARNING * * *
The bunyip completely misses you. The bunyip claws you!!
* * * LOW HITPOINT WARNING * * *
The spectral spriggan berserker hits you but does no damage.
You slice the bunyip!! You freeze the bunyip.
The bunyip is severely wounded.
You are engulfed in spectral mist.
* * * LOW HITPOINT WARNING * * *
The spectral snapping turtle bites you but does no damage.
The spectral spriggan air mage misses you.
The spectral spriggan berserker hits you but does no damage. x2
Unknown command.
You slice the bunyip!! You freeze the bunyip!
You kill the bunyip!
The spectral spriggan berserker fades away!
The spectral snapping turtle bites you!
* * * LOW HITPOINT WARNING * * *
The spectral spriggan air mage hits you but does no damage.
Aizul hisses menacingly.
The ghost crab breathes spectral mist at you.
The spectral mist engulfs you but does no damage.
The spectral spriggan berserker hits you!
You die...

~ , , ~ ~ ~~ , *~,
,,..~~~~~~~~.♣♣~ ~ ~ ,
,.~§~~~~~~...., ~ ~ , ,
~~, .~.~~~~~...[ *** ~
~ ,,.~≈ ≈≈≈S~~~~..~ ~
,, * ~~~~~ ≈≈≈~
≈≈≈≈~t.≈≈≈ ~~ , * ≈≈≈~
♣○Z≈○≈≈≈≈≈≈≈≈~~ ,,
*....~♣ZZt°≈≈≈.....≈~ *
*
*♣.~..♣○@☼....~~~...,,,
~ **
,..~~.°ZZ°♣~..~~~~~. ,
* ..~~~°○○°.~..~~~§~. *
* * ♣~.~~~.°~○..~....♣.
* *~
♣.~.[.°☼○~~.~~..~~., ∆
*.~~.~°~....~...~~~. ,*
*** ~~~.~~..♣♣~†..~♣~~
, ~♣♣
~>~~~....♣♣♣~.~.~♣♣♣♣
*~~♣ ,~,
§...♣♣♣♣~.......†<♣ ..~


You could see Aizul, an alligator, a ghost crab, a spectral death drake
(summoned), a spectral snapping turtle (summoned), 2 spectral spriggan
berserkers and a spectral spriggan air mage (summoned).

Vanquished Creatures
  A bunyip (Swamp:1)
  A minotaur (Gauntlet)
  A fire dragon (Lair:5)
  2 hydras (Lair:5)
  A catoblepas (Lair:4)
  A goliath frog (Swamp:1)
  The ghost of bakla the Destroyer, a novice OpCj of Gozag (D:8)
  A lindwurm (Lair:5)
  2 bog bodies (Lair:3)
  4 elephants
  4 black mambas
  2 molten gargoyles (Lair:5)
  6 cane toads
  10 komodo dragons
  An efreet (Gauntlet)
  A polar bear (Lair:5)
  2 hornets
  A tyrant leech (Swamp:1)
  5 blink frogs (Lair:5)
  3 small abominations (Gauntlet)
  A shadow (D:6)
  7 wyverns
  Eustachio (D:6)
  40 yaks
  7 basilisks
  A fire elemental (Gauntlet)
  5 steam dragons
  4 vampire mosquitoes (Swamp:1)
  2 large abominations (Gauntlet)
  3 swamp worms
  Edmund (D:4)
  A warg (D:8)
  6 water moccasins
  7 hell hounds
  Duvessa (D:5)
  5 orc warriors
  2 ice beasts
  2 swamp drakes
  A black bear (D:6)
  An ogre (D:6)
  2 centaurs
  Blork the orc (D:6)
  5 bullfrogs
  4 scorpions (D:5)
  Dowan (D:5)
  An electric eel (Lair:3)
  A vampire bat (D:3)
  2 howler monkeys (D:8)
  2 hounds (D:5)
  5 lava snakes (Lair:5)
  2 jellies
  3 orc priests (D:8)
  2 gnoll boudas
  Ijyb (D:4)
  Terence (D:2)
  4 iguanas
  2 orc wizards
  5 hell rats (Lair:1)
  7 gnolls
  7 adders
  A shadow imp (D:7)
  2 white imps
  An ufetubus (D:6)
  A worm (D:2)
  2 dart slugs (D:2)
  25 orcs
  5 ball pythons
  2 bat skeletons (D:3)
  A bat zombie (D:3)
  6 endoplasms
  4 giant cockroaches
  3 goblins
  3 hobgoblins (D:2)
  5 jackals
  3 kobolds
  6 quokkas
  4 bats
  5 frilled lizards
  6 rats
291 creatures vanquished.

Vanquished Creatures (others)
  A swamp worm (Swamp:1)
  8 fungi
  13 plants
22 creatures vanquished.

Grand Total: 313 creatures vanquished

Notes
Turn   | Place    | Note
-------+----------+-------------------------------------------
     0 | D:1      | lunkers the Meteoran Fighter began the quest for the Orb.
     0 | D:1      | Reached XP level 1. HP: 19/19 MP: 2/2
    46 | D:1      | Reached XP level 2. HP: 26/26 MP: 3/3
   361 | D:1      | Reached XP level 3. HP: 31/31 MP: 4/4
   398 | D:2      | Noticed Terence
   403 | D:2      | Killed Terence
   404 | D:2      | Reached XP level 4. HP: 28/38 MP: 5/5
   483 | D:2      | Found Qucrycom's Assorted Antiques.
   497 | D:2      | Reached skill level 1 in Short Blades
   792 | D:2      | Reached XP level 5. HP: 44/45 MP: 6/6
  1093 | D:3      | Noticed a centaur
  1110 | D:3      | Killed a centaur
  1111 | D:3      | Reached XP level 6. HP: 35/51 MP: 7/7
  1192 | D:3      | Noticed Grinder
  1194 | D:3      | Identified 2 scrolls of acquirement
  1194 | D:3      | Acquired the +6 double sword of Fyfo {freeze, rN+ Int+3}
  1343 | D:3      | Reached skill level 5 in Long Blades
  1402 | D:4      | Acquired the +3 pair of gauntlets of War {Slay+5}
  1402 | D:4      | Found the +3 pair of gauntlets of War {Slay+5}
  1574 | D:4      | Noticed Ijyb
  1580 | D:4      | Killed Ijyb
  1595 | D:4      | Reached XP level 7. HP: 33/57 MP: 8/8
  1731 | D:4      | Noticed Edmund
  1738 | D:4      | Killed Edmund
  1825 | D:5      | Entered Level 5 of the Dungeon
  1829 | D:5      | Noticed a steam dragon
  1833 | D:5      | Reached XP level 8. HP: 63/63 MP: 9/9
  1838 | D:5      | Killed a steam dragon
  1844 | D:5      | Found a staircase to the Ecumenical Temple.
  1893 | Temple   | Entered the Ecumenical Temple
  2223 | Temple   | Became a worshipper of Ashenzari the Shackled
  2343 | D:5      | Noticed Dowan
  2343 | D:5      | Noticed Duvessa
  2351 | D:5      | Killed Duvessa
  2352 | D:5      | Reached skill level 10 in Long Blades
  2358 | D:5      | Killed Dowan
  2486 | D:5      | Found a shimmering blue altar of Sif Muna.
  2488 | D:5      | Gained mutation: You passively map the area around you.
                  | [Meteoran growth]
  2488 | D:5      | Reached XP level 9. HP: 70/70 MP: 10/10
  2494 | D:5      | Got Sif Muna's Spellbook of Execration and Damage
  2500 | D:5      | Found a bloodstained altar of Trog.
  2590 | D:6      | Reached skill level 1 in Dodging
  2678 | D:6      | Noticed Eustachio
  2684 | D:6      | Killed Eustachio
  2949 | D:6      | Reached * piety under Ashenzari
  2976 | D:6      | Noticed Blork the orc
  2981 | D:6      | Killed Blork the orc
  3063 | D:7      | Identified the +1 robe of Fygrol {rF- rN+ Str+5}
  3258 | D:7      | Found a stormy altar of Qazlal.
  3374 | D:7      | Reached skill level 5 in Armour
  3426 | D:7      | Reached XP level 10. HP: 65/80 MP: 11/11
  3458 | D:8      | Found a runed translucent gate.
  3459 | D:8      | Found a runed translucent gate.
  3459 | D:8      | Found a runed translucent gate.
  3461 | D:8      | Noticed bakla's ghost (novice OpCj)
  3494 | D:8      | Reached skill level 5 in Fighting
  3511 | D:8      | Killed bakla's ghost
  3512 | D:8      | Reached skill level 5 in Dodging
  3538 | D:8      | Reached ** piety under Ashenzari
  3688 | D:8      | Paralysed by a hornet for 1 turns
  3773 | D:8      | Reached XP level 11. HP: 39/92 MP: 12/12
  3848 | D:9      | Found a shadowy altar of Dithmenos.
  3882 | D:9      | Reached skill level 1 in Evocations
  4007 | D:9      | Found a staircase to the Lair.
  4022 | Lair:1   | Entered Level 1 of the Lair of Beasts
  4067 | Lair:1   | Reached skill level 5 in Evocations
  4294 | Lair:1   | Reached XP level 12. HP: 67/103 MP: 13/13
  4421 | Lair:2   | Reached *** piety under Ashenzari
  4790 | Lair:4   | Noticed a catoblepas
  4839 | Lair:4   | Found a gate leading to a gauntlet.
  4846 | Gauntlet | Entered a Gauntlet
  4846 | Gauntlet | Found a transporter.
  4846 | Gauntlet | Found a transporter.
  4846 | Gauntlet | Found a transporter.
  4850 | Gauntlet | Found a transporter.
  4850 | Gauntlet | Found a transporter.
  4861 | Gauntlet | Found a transporter.
  4865 | Gauntlet | Found a transporter.
  4898 | Gauntlet | Identified the +2 pair of boots "Myniawn" {rF- rC+++ rCorr
                  | Dex-3}
  4984 | Gauntlet | Reached skill level 10 in Armour
  4985 | Gauntlet | HP: 1/104 [efreet/fireball (11)]
  5012 | Gauntlet | Reached skill level 10 in Dodging
  5012 | Gauntlet | Reached skill level 10 in Evocations
  5012 | Gauntlet | Reached XP level 13. HP: 29/113 MP: 14/14
  5031 | Gauntlet | Noticed a minotaur
  5039 | Gauntlet | Killed a minotaur
  5040 | Gauntlet | Reached skill level 10 in Fighting
  5095 | Lair:4   | Killed a catoblepas
  5176 | Lair:5   | Entered Level 5 of the Lair of Beasts
  5191 | Lair:5   | Reached **** piety under Ashenzari
  5273 | Lair:5   | Noticed a four-headed hydra
  5279 | Lair:5   | Killed a four-headed hydra
  5350 | Lair:5   | Reached XP level 14. HP: 116/122 MP: 15/15
  5439 | Lair:5   | Found a viscous altar of Jiyva.
  5440 | Lair:5   | Found a staircase to the Slime Pits.
  5752 | Lair:5   | Found a large runed translucent door.
  5752 | Lair:5   | Found a large runed translucent door.
  5834 | Lair:5   | Noticed a fire dragon
  5845 | Lair:5   | Killed a fire dragon
  6009 | Lair:3   | Found a staircase to the Swamp.
  6020 | Swamp:1  | Entered Level 1 of the Swamp
  6062 | Swamp:1  | Noticed a bunyip
  6069 | Swamp:1  | Noticed Aizul
  6072 | Swamp:1  | Killed a bunyip
  6072 | Swamp:1  | HP: 4/125 [spectral snapping turtle[a ghost crab] (12)]
  6072 | Swamp:1  | Mangled by a spectral spriggan berserker

Illustrated notes

Levels and vault maps discovered:
D:1:      dpeg_arrival_rooms_b, layout_basic
D:2:      wad_lake_hut, layout_rooms, serial_shops, shop, uniq_terence
D:3:      layout_loops_ring, kennysheep_vampire_church, uniq_grinder
D:4:      layout_basic, uniq_ijyb, uniq_edmund, uniq_crazy_yiuf_cottage
D:5:      black_bear_nest_2, layout_gridville,
          nzn_overflow_gifts_of_might_and_magic, doesnt_xom_only_xom,
          temple_pool_b, kennysheep_potato, uniq_duvessa
D:6:      layout_loops_corners, gammafunk_temple_overflow_elements,
          minmay_misc_feat_more_columns, uniq_blork_the_orc, uniq_eustachio
D:7:      layout_loops_ring, nicolae_wu_jian_glorious_leap,
          nicolae_qazlal_scattered_showers, due_unseen_surprise, uniq_joseph
D:8:      layout_basic, biasface_ghost_orc_armoury, uniq_grum
D:9:      layout_long_grid, nicolae_dithmenos_through_a_glass_darkly,
          erik_lair_dragon, erik_orc_3
Temple:   hc_temple_tempest_star
Lair:1:   layout_regular_city, basic_altar
Lair:2:   layout_roguey, lemuel_fruit_tree
Lair:3:   layout_loops_ring, nicolae_swamp_entry_splash_gauntlet,
          nicolae_snake_entry_warm_welcome, eino_house_with_fridge
Lair:4:   layout_hall_layers, gauntlet_entry_generic, minivault_19,
          chequers_serial_rivers_micro_a, beast_lair_carwin_8
Lair:5:   cheibrodos_lair_end_hotspot, layout_gridlike, dpeg_slime_entry_corner,
          serial_rivers, chequers_serial_rivers_small_b,
          chequers_serial_rivers_large_b, chequers_serial_rivers_micro_a,
          chequers_serial_rivers_small_a, chequers_serial_rivers_marsh,
          chequers_serial_rivers_micro_a
Swamp:1:  layout_basic_swamp, nicolae_swamp_long_stream, swamp_pool1,
          worms_lemuel, uniq_aizul

Skill      XL: |  1  2  3  4  5  6  7  8  9 10 11 12 13 14 |
---------------+-------------------------------------------+-----
Long Blades    | 3 4 6 8 10 12 13 | 13.2
Short Blades   | 2 4 |  4.2
Dodging        | 3 6 8 10 11 12 | 12.8
Armour         | 5 7 9 10 11 13 | 13.4
Fighting       | 4 7 8 9 10 12 | 12.3
Evocations     | 6 10 | 10.4
Shields        | |  3.6

Action                     |  1- 3 |  4- 6 |  7- 9 | 10-12 | 13-15 || total
---------------------------+-------+-------+-------+-------+-------++-------
  Melee: Long sword        |    59 |       |       |       |       ||    59
         Short sword       |       |   158 |       |       |       ||   158
         Double sword      |       |    25 |   125 |   280 |   248 ||   678
 Invoke: Curse Item        |       |       |     2 |     3 |     2 ||     7
  Evoke: Wand              |       |       |       |     5 |     6 ||    11
    Use: Potion            |     1 |       |       |     2 |     2 ||     5
         Scroll            |       |     3 |     9 |       |       ||    12
   Stab: Petrified         |       |       |       |       |     4 ||     4
 Armour: Scale mail        |    21 |   111 |    58 |    81 |    94 ||   365
  Dodge: Dodged            |    25 |    68 |    44 |   104 |   143 ||   384
  Block: Buckler           |    16 |    50 |    20 |    51 |    54 ||   191

Table legend: (Time is in decaauts)
 A = Elapsed time spent in this place.
 B = Non-inter-level travel time spent in this place.
 C = Inter-level travel time spent in this place.
 D = Time resting spent in this place.
 E = Time spent auto-exploring this place.
 F = Levels seen in this place.
 G = Mean time per level.
                   A        B        C        D        E       F      G
               +--------+--------+--------+--------+--------+-----+--------+
         Total |   6022 |   5793 |    229 |      0 |   3507 |  17 |  354.2 |
       Dungeon |   3694 |   3611 |     83 |      0 |   2475 |   9 |  410.4 |
        Temple |    353 |    325 |     28 |      0 |    310 |   1 |  353.0 |
          Lair |   1710 |   1593 |    117 |      0 |    709 |   5 |  342.0 |
         Swamp |     46 |     46 |      0 |      0 |     10 |   1 |   46.0 |
      Gauntlet |    217 |    217 |      0 |      0 |      0 |   1 |  217.0 |
               +--------+--------+--------+--------+--------+-----+--------+

Top non-repeatable levels by time:
  Lair:5: 734 daAuts
     D:2: 587 daAuts
     D:6: 488 daAuts
     D:3: 447 daAuts
     D:4: 431 daAuts
     D:1: 400 daAuts
     D:5: 397 daAuts
     D:8: 382 daAuts
     D:7: 354 daAuts
  Temple: 353 daAuts
  Lair:2: 342 daAuts
  Lair:1: 337 daAuts
Gauntlet: 217 daAuts
  Lair:3: 207 daAuts
     D:9: 205 daAuts
